 Dungeon Crawl Stone Soup version 0.23-a0-644-gb60d84b (webtiles) character file.

23 Borgoz the Sneak (level 3, -18/21 HPs)
             Began as a Kobold Assassin on Jan 2, 2019.
             Demolished by an orc warrior
             ... wielding a +0 battleaxe
              (27 damage)
             ... on level 2 of the Dungeon.
             The game lasted 00:01:23 (626 turns).

Borgoz the Sneak (Kobold Assassin)                   Turns: 626, Time: 00:01:25

Health: -18/21     AC:  3    Str:  9    XL:     3   Next: 12%
Magic:  3/3        EV: 14    Int: 12    God:
Gold:   9          SH:  2    Dex: 16    Spells: 2/2 levels left

rFire    . . .     SeeInvis .   b - +0 blowgun
rCold    . . .     Gourm    .   (shield restricted)
rNeg     . . .     Faith    .   c - +0 robe
rPois    .         Spirit   .   (no helmet)
rElec    .         Reflect  +   d - +0 cloak
rCorr    .         Harm     .   (no gloves)
MR       .....                  (no boots)
Stlth    +++.......             i - +2 amulet of reflection
HPRegen  0.07/turn              (no ring)
MPRegen  0.08/turn              (no ring)

@: no status effects
A: small, carnivore
a: no special abilities


You were on level 2 of the Dungeon.
You were very full.

You visited 1 branch of the dungeon, and saw 2 of its levels.

You collected 9 gold pieces.

Inventory:

Hand Weapons
 a - a +2 dagger
 b - a +0 blowgun (weapon)
Missiles
 e - 3 poisoned needles (quivered)
 f - 2 curare-tipped needles
Armour
 c - a +0 robe (worn)
 d - a +0 cloak (worn)
Jewellery
 i - a +2 amulet of reflection (around neck)
Scrolls
 h - a scroll of fear {unknown}
 k - 2 scrolls of identify {unknown}
 l - a scroll of remove curse {unknown}
Comestibles
 g - 4 rations
 j - 6 chunks of flesh


   Skills:
 + Level 2.2 Fighting
 + Level 3.1 Short Blades
 + Level 2.3 Throwing
 + Level 1.2 Dodging
 + Level 6.2 Stealth


You had 2 spell levels left.
You didn't know any spells.
Your spell library was empty.

Dungeon Overview and Level Annotations

Branches:
Dungeon (2/15)

Altars:


Innate Abilities, Weirdness & Mutations

You are small and have problems with some larger weapons.
You are carnivorous and can eat meat at any time.


Message History

The poisoned needle closely misses the orc warrior.
Firing (i - inventory. (/) - cycle)
e - 5 poisoned needles (quivered)
Press: ? - help, Shift-Dir - straight line, f/p - orc warrior
Aim: an orc warrior, wielding a +0 battleaxe and wearing a +0 plate armour You shoot a poisoned needle.
The poisoned needle closely misses the orc warrior.
The orc warrior hits you with a +0 battleaxe!
Ouch! That really hurt!
The orc warrior looks more healthy.
There is an open door here.
Firing (i - inventory. (/) - cycle)
e - 4 poisoned needles (quivered)
Press: ? - help, Shift-Dir - straight line, f/p - orc warrior
Aim: an orc warrior, wielding a +0 battleaxe and wearing a +0 plate armour You shoot a poisoned needle.
The poisoned needle hits the orc warrior.
The orc warrior is poisoned.
The orc warrior is lightly wounded.
The orc warrior hits you with a +0 battleaxe!!
Ouch! That really hurt!
You die...

......##...########........
......##...+.....[.........
..######...#######'########
..# #...# #.......# ###
#...# #.......# # #...#
#.......# # #...# #.......#
# #...# #.......# # #...#
#.@.....# #
#...####o).....# #
#......'.......# #
##'#####.......# # #.#
######### # #.# # #.# #.#
#.#


You could see an orc warrior.

Vanquished Creatures
  A leopard gecko (D:2)
  2 orcs (D:2)
  2 giant cockroaches
  2 goblins (D:2)
  2 hobgoblins (D:1)
  3 jackals (D:1)
  2 bats (D:2)
  2 kobolds
  2 rats
18 creatures vanquished.

Notes
Turn   | Place    | Note
-------+----------+-------------------------------------------
     0 | D:1      | Borgoz the Kobold Assassin began the quest for the Orb.
     0 | D:1      | Reached XP level 1. HP: 12/12 MP: 1/1
   309 | D:1      | Reached XP level 2. HP: 17/17 MP: 2/2
   371 | D:2      | Reached skill level 6 in Stealth
   398 | D:2      | Noticed an orc warrior
   573 | D:2      | Reached XP level 3. HP: 21/21 MP: 3/3
   626 | D:2      | Demolished by an orc warrior

Vault maps used:
D:1:      eino_arrival_tree_alley
D:2:      uniq_terence

Skill      XL: |  1  2 |
---------------+-------+-----
Stealth        | 6 |  6.2
Short Blades   | 3 |  3.1
Fighting       | |  2.2
Throwing       | |  2.3
Dodging        | |  1.2

Action                   || total
-------------------------++-------
Melee: Dagger            ||    60
 Fire: Blowgun           ||     5
 Stab: Sleeping          ||     5
  Eat: Chunk             ||     7
Armor: Robe              ||     7
Dodge: Dodged            ||    33

Table legend:
 A = Non-vault XP
 B = Vault XP
 C = Vault XP percentage of total XP
 D = Non-vault monster count
 E = Vault monster count
 F = Vault count percentage of total count
                 A         B        C        D         E       F
            +---------+---------+-------+---------+---------+-------
      Total |      34 |       0 |   0.0 |      18 |       0 |   0.0
            +---------+---------+-------+---------+---------+-------
        D:1 |      14 |       0 |   0.0 |       8 |       0 |   0.0
        D:2 |      20 |       0 |   0.0 |      10 |       0 |   0.0
            +---------+---------+-------+---------+---------+-------
